 Dungeon Crawl Stone Soup version 0.29-a0-80-g3050e97935 (webtiles) character file.

Game seed: 7113384609401260633

4 Gargoyl the Skirmisher (level 1, 0/14 HPs)
             Began as a Gargoyle Abyssal Knight on Feb 4, 2022.
             Was an Initiate of Lugonu.
             Slain by a goblin (2 damage)
             ... on level 1 of the Dungeon.
             The game lasted 00:00:11 (143 turns).

Gargoyl the Skirmisher (Gargoyle Abyssal Knight)     Turns: 143, Time: 00:00:11

Health: 0/14       AC:  5    Str: 16    XL:     1   Next: 70%
Magic:  2/2        EV: 11    Int: 10    God:    Lugonu [......]
Gold:   2          SH:  0    Dex: 10    Spells: 0/0 levels left

rFire   . . .      SeeInvis .   a - +1 hand axe
rCold   . . .      Faith    .   (no shield)
rNeg    + . .      Spirit   .   b - +0 leather armour
rPois   ∞          Reflect  .   (no helmet)
rElec   +          Harm     .   (no cloak)
rCorr   .          Rampage  .   (no gloves)
Will    .....                   (no boots)
Stlth   +.........              (no amulet)
HPRegen 0.04/turn               (no ring)
MPRegen 0.08/turn               (no ring)

@: no status effects
A: sickness immunity, AC +2, negative energy resistance 1, electricity
resistance, torment resistance 1, petrification resistance
a: Renounce Religion


You were on level 1 of the Dungeon.
You worshipped Lugonu.
Lugonu was noncommittal.
You visited 1 branch of the dungeon, and saw 1 of its levels.
You visited the Abyss 1 time.

You collected 2 gold pieces.

Inventory:

Hand Weapons
 a - a +1 hand axe (weapon)
Armour
 b - a +0 leather armour (worn)
Potions
 c - a potion of curing {unknown}
 d - a potion of might {unknown}


   Skills:
 + Level 3.4 Fighting
 + Level 1.9 Axes
 + Level 2.3 Armour
 + Level 0.7 Dodging
 + Level 2.0 Invocations


You couldn't memorise any spells.
You didn't know any spells.
Your spell library was empty.

Dungeon Overview and Level Annotations

Branches:
Dungeon (1/15)

Altars:


Innate Abilities, Weirdness & Mutations

You are immune to sickness and miasma.
Your stone body is resilient. (AC +2)
You are immune to poison.
You resist negative energy. (rN+)
You are resistant to electric shocks. (rElec)
You are resistant to unholy torment.
You are immune to petrification.


Message History

Unknown command.
You closely miss the rat. You closely miss the goblin. The rat misses you.
The goblin closely misses you.
Unknown command.
You slash the rat!
You kill the rat!
Lugonu accepts your kill.
You hit the goblin. You hit the hobgoblin. The hobgoblin hits you.
The goblin hits you but does no damage.
Unknown command.
The goblin hits you with a +0 club.
Unknown command.
You closely miss the goblin.
The goblin is heavily wounded.
You barely miss the hobgoblin. The hobgoblin hits you.
The goblin hits you but does no damage.
The hobgoblin hits you but does no damage.
Unknown command.
You hit the goblin.
You kill the goblin!
Lugonu accepts your kill.
You closely miss the hobgoblin. The hobgoblin barely misses you.
The hobgoblin misses you.
Things that are here:
a +0 club; a goblin corpse Unknown command.
A goblin comes into view. It is wielding a +0 dagger.
The goblin shouts!
You hit the hobgoblin.
You kill the hobgoblin!
Lugonu accepts your kill.
Unknown command.
Things that are here:
a +0 club; a goblin corpse
Things that are here:
a +0 club; a goblin corpse You closely miss the goblin.
The goblin hits you with a +0 dagger.
* * * LOW HITPOINT WARNING * * *
You hit the goblin but do no damage. The goblin hits you with a +0 dagger.
You die...

.. # .# .##. .## ...
..# #.# # ..##..#####
#.# #$ ........... #.#
.###........# #.# g...
#.....# #.#
#..###g....# #.#
#..##.@....# ##.##
###..#..)....#
#...#####............#
........#.#..#...!...#
##.####.#>#...#.....##
#.# #.#.#...##.....#
#.# ##.#.#...##......#
#.###.#..#...##+++++.#
#....###.#.....+ .#


You could see a goblin.

Vanquished Creatures
  A goblin (D:1)
  A hobgoblin (D:1)
  A quokka (D:1)
  A rat (D:1)
4 creatures vanquished.

Notes
Turn   | Place    | Note
-------+----------+-------------------------------------------
     0 | Abyss:1  | Gargoyl the Gargoyle Abyssal Knight began the quest for the
                  | Orb.
     0 | Abyss:1  | Reached XP level 1. HP: 14/14 MP: 2/2
    33 | Abyss:1  | Noticed a red devil
    33 | Abyss:1  | Noticed an eye of devastation
    34 | D:1      | Escaped the Abyss
   143 | D:1      | Slain by a goblin

Illustrated notes

Levels and vault maps discovered:
D:1:      dpeg_arrival_stonehenge_8_columns, layout_loops_ring,
          hellmonk_ecumenical_altar_heavens_door

Action                   || total
-------------------------++-------
Melee: Hand axe          ||     9
Invok: Depart the Abyss  ||     1
Armor: Leather armour    ||     3
Dodge: Dodged            ||     6

Table legend: (Time is in decaauts)
 A = Elapsed time spent in this place.
 B = Non-inter-level travel time spent in this place.
 C = Inter-level travel time spent in this place.
 D = Time resting spent in this place.
 E = Time spent auto-exploring this place.
 F = Levels seen in this place.
 G = Mean time per level.
                   A        B        C        D        E       F      G
               +--------+--------+--------+--------+--------+-----+--------+
         Total |    144 |    144 |      0 |      0 |    113 |   2 |   72.0 |
       Dungeon |    110 |    110 |      0 |      0 |     81 |   1 |  110.0 |
         Abyss |     34 |     34 |      0 |      0 |     32 |   1 |   34.0 |
               +--------+--------+--------+--------+--------+-----+--------+

Top non-repeatable levels by time:
     D:1: 110 daAuts
 Abyss:1: 34 daAuts
